 Dungeon Crawl Stone Soup version 0.27-a0-1456-gf5a116941d (webtiles) character file.

Game seed: 1889861914523021691

86821 mdonais the Zephyrmancer (level 15, -2/92 HPs)
             Began as an Octopode Air Elementalist on July 5, 2021.
             Was the Champion of Hepliaklqana.
             Killed from afar by a manticore (7 damage)
             ... with a volley of spikes
             ... on level 14 of the Dungeon.
             The game lasted 02:31:59 (41431 turns).

mdonais the Zephyrmancer (OpAE)                    Turns: 41431, Time: 02:31:59

Health: -2/92      AC:  3    Str: 20    XL:     15   Next: 88%
Magic:  7/30       EV: 26    Int: 24    God:    Hepliaklqana [******]
Gold:   1638       SH:  9    Dex: 25    Spells: 2/36 levels left

rFire    . . .     SeeInvis .   b - +1 spear (venom)
rCold    + . .     Faith    .   z - +3 buckler {AC+3}
rNeg     . . .     Spirit   .   h - -1 hat of Leapfrog {rElec Int+2}
rPois    .         Reflect  .   x - amulet of magic regeneration
rElec    +         Harm     .   C - +6 ring of dexterity
rCorr    +         Rampage  .   w - ring of flight
Will     +....                  k - +4 ring of evasion
Stlth    ++++++....             c - ring of protection from cold
HPRegen  0.25/turn              E - ring of wizardry
MPRegen  0.47/turn              m - +6 ring of strength
                                n - ring "Kaiqacso" {rCorr Dex+5}
                                T - +6 ring of strength

@: spiked, flying
A: reduced essence, almost no armour, amphibious, 8 rings, camouflage 1,
gelatinous body 1, (nimble swimmer 1), tentacles
a: Renounce Religion, Recall Ancestor, Ancestor Identity, Transference, Idealise


You were on level 14 of the Dungeon.
You worshipped Hepliaklqana.
Hepliaklqana was exalted by your worship.
You visited 4 branches of the dungeon, and saw 23 of its levels.

You collected 2572 gold pieces.
You spent 934 gold pieces at shops.

Inventory:

Hand Weapons
 b - a +1 spear of venom (weapon)
   (You took it off a gnoll on level 5 of the Dungeon)
 L - a +1 scimitar of flaming
   (You took it off an efreet on level 13 of the Dungeon)
Missiles
 g - 151 poisoned darts
 t - 36 boomerangs
 u - 5 silver boomerangs
 v - 12 javelins
 F - 14 curare-tipped darts (quivered)
 G - 3 datura-tipped darts
 J - 2 atropa-tipped darts
 Z - 4 throwing nets {=!f}
Armour
 h - the -1 hat of Leapfrog (worn) {rElec Int+2}
   (You acquired it on level 2 of the Orcish Mines)

   Int:       It affects your intelligence (+2).
   rElec:     It insulates you from electricity.
 z - a +3 buckler of protection (worn)
   (You acquired it on level 9 of the Dungeon)
Magical Staves
 Y - a staff of fire
   (You found it on level 2 of the Lair of Beasts)
Jewellery
 c - a ring of protection from cold (on tentacle)
   (You found it on level 9 of the Dungeon)
 k - a +4 ring of evasion (on tentacle)
   (You found it on level 9 of the Dungeon)
 m - a +6 ring of strength (on tentacle)
   (You found it on level 3 of the Lair of Beasts)
 n - the ring "Kaiqacso" (on tentacle) {rCorr Dex+5}
   (You found it on level 6 of the Lair of Beasts)

   [ring of resist corrosion]

   Dex:       It affects your dexterity (+5).
   rCorr:     It protects you from acid and corrosion.
 w - a ring of flight (right tentacle)
   (You found it on level 8 of the Dungeon)
 x - an amulet of magic regeneration (around mantle)
   (You found it on level 11 of the Dungeon)
 C - a +6 ring of dexterity (left tentacle)
   (You found it on level 7 of the Dungeon)
 E - a ring of wizardry (on tentacle)
   (You found it on level 10 of the Dungeon)
 O - a ring of ice
   (You took it off Fannar on level 12 of the Dungeon)
 T - a +6 ring of strength (on tentacle)
   (You found it on level 6 of the Lair of Beasts)
Wands
 q - a wand of charming (17)
   (You took it off a kobold brigand on level 6 of the Dungeon)
 D - a wand of digging (9)
   (You took it off an orc on level 3 of the Dungeon)
 I - a wand of iceblast (8)
   (You found it on level 10 of the Dungeon)
 P - a wand of paralysis (17)
   (You found it on level 9 of the Dungeon)
 V - a wand of flame (8)
   (You found it on level 12 of the Dungeon)
Scrolls
 j - 4 scrolls of fear
 o - 10 scrolls of teleportation
 p - a scroll of fog
 r - 2 scrolls of holy word
 y - 2 scrolls of silence
 B - 3 scrolls of blinking
 K - 3 scrolls of enchant armour
 M - 4 scrolls of magic mapping
 S - 2 scrolls of immolation
Potions
 a - 3 potions of attraction {unknown}
 d - 6 potions of might
 e - 5 potions of lignification
 f - 4 potions of brilliance
 i - 3 potions of mutation
 s - a potion of magic
 A - a potion of berserk rage
 H - a potion of haste
 N - 4 potions of heal wounds
 Q - 6 potions of curing
 W - a potion of ambrosia
Miscellaneous
 U - a phial of floods
   (You found it on level 5 of the Lair of Beasts)
 X - a box of beasts
   (You found it on level 10 of the Dungeon)


   Skills:
 + Level 10.2 Fighting
 - Level 3.0 Throwing
 + Level 10.2 Dodging
 + Level 8.7 Stealth
 - Level 4.0 Shields
 + Level 11.0 Spellcasting
 + Level 9.6 Conjurations
 - Level 13.0 Air Magic
 - Level 9.0 Earth Magic
 - Level 8.0 Invocations
 - Level 4.0 Evocations


You had 2 spell levels left.
You knew the following spells:

 Your Spells              Type           Power      Damage    Failure   Level
a - Shock                 Conj/Air       100%       1d9       1%          1
b - Static Discharge      Conj/Air       61%        N/A       1%          2
c - Airstrike             Air            33%        N/A       1%          4
d - Iskenderun's Battles  Conj           56%        2d11      1%          5
e - Iron Shot             Conj/Erth      27%        9d6       6%          6
f - Conjure Ball Lightni  Conj/Air       30%        3x3d10    2%          6
g - Blink                 Tloc           N/A        N/A       2%          2
h - Mephitic Cloud        Conj/Pois/Air  49%        N/A       1%          3
i - Corpse Rot            Necr/Air       N/A        N/A       1%          2
j - Swiftness             Air            66%        N/A       1%          3

Your spell library contained the following spells:

 Spells                   Type           Power      Damage    Failure   Level
 Apportation              Tloc           26%        N/A       1%          1
 Beastly Appendage        Tmut           26%        N/A       1%          1
 Sting                    Tmut/Pois      52%        1d5       1%          1
 Slow                     Hex            13%        N/A       2%          2
 Wereblood                Tmut           13%        N/A       2%          2
 Confusing Touch          Hex            13%        N/A       6%          3
 Gell's Gravitas          Tloc           6%         N/A       6%          3
 Ignite Poison            Fire/Tmut/Pois 13%        N/A       6%          3
 Lesser Beckoning         Tloc           6%         N/A       6%          3
 Spider Form              Tmut/Pois      6%         N/A       6%          3
 Teleport Other           Tloc           13%        N/A       6%          3
 Vampiric Draining        Necr           6%         2d6       6%          3
 Fireball                 Conj/Fire      18%        3d9       8%          5
 Borgnjor's Vile Clutch   Necr/Erth      17%        N/A       9%          5
 Animate Dead             Necr           6%         N/A       19%         4
 Dispel Undead            Necr           13%        3d9       19%         4
 Orb of Destruction       Conj           28%        9d11      30%         7
 Spellforged Servitor     Conj/Summ      18%        N/A       89%         7
 Death Channel            Necr           6%         N/A       94%         6
 Eringya's Noxious Bog    Tmut/Pois      6%         N/A       94%         6


Dungeon Overview and Level Annotations

Branches:
Dungeon (14/15)            Temple (1/1) D:5            Lair (6/6) D:8
 Shoals (0/4) Lair:3        Snake (0/4) Lair:3        Slime (0/5) Lair:6
    Orc (2/2) D:10            Elf (0/3) Orc:2
 Vaults: D:13-14

Altars:
Ashenzari
Cheibriados
Dithmenos
Elyvilon
Fedhas
Gozag
Hepliaklqana
Kikubaaqudgha
Makhleb
Nemelex Xobeh
Okawaru
Qazlal
Ru
Sif Muna
Trog
Uskayaw
Vehumet
Wu Jian
Xom
Yredelemnul
Zin
The Shining One
Beogh

Shops:
D:5 ?   D:8 *   D:10 ([   Orc:1 *   Orc:2 [[(?

Annotations:
D:10 Josephine


Innate Abilities, Weirdness & Mutations

Your life essence is reduced to manifest your ancestor. (-10% HP)
You cannot wear most types of armour.
You are amphibious.
You can wear up to eight rings at the same time.
Your skin changes colour to match your surroundings (Stealth+).
Your rubbery body absorbs attacks. (AC +1, EV +1)
((You are camouflaged near water. (Stealth+)))
You have tentacles for arms and can constrict up to eight enemies at once.


Message History

A meliai comes into view. It is wielding a +0 hand axe.
Casting: Iron Shot (dangerous; 6% risk of failure)
Confirm with . or Enter, or press ? or * to list all spells.
You can't see any susceptible monsters within range! (Use Z to cast anyway.) Unknown command. 2 meliai come into view.
Casting: Iron Shot (dangerous; 6% risk of failure)
Confirm with . or Enter, or press ? or * to list all spells.
Aiming: Iron Shot (dangerous; 6% risk of failure)
Press: ? - help, Shift-Dir - straight line, f - rime drake
Aim: a rime drake (asleep, 100% to hit)
The iron shot hits the rime drake!!
The rime drake is almost dead.
The meliai buzzes angrily. x2
The rime drake breathes ice at you. The flash freeze misses you.
You now have 24/30 mp.
Casting: Iron Shot (dangerous; 6% risk of failure)
Confirm with . or Enter, or press ? or * to list all spells.
You create some ball lightning! 3 ball lightnings come into view.
You now have 19/30 mp.
Your ball lightning explodes!
The blast of lightning engulfs the meliai!
The meliai is heavily wounded.
Yermacdaddy avoids your attack.
The blast of lightning engulfs the meliai!
The meliai is heavily wounded.
The blast of lightning engulfs your ball lightning.
Your ball lightning completely resists.
The blast of lightning engulfs your ball lightning.
Your ball lightning completely resists.
The blast of lightning engulfs the rime drake!!
You kill the rime drake!
The rime drake's shape twists and changes as it dies.
The blast of lightning engulfs you. You resist.
The meliai hits Yermacdaddy with a +0 war axe.
The meliai barely misses Yermacdaddy.
Your ball lightning explodes!
The blast of lightning engulfs your ball lightning.
Your ball lightning completely resists.
The blast of lightning engulfs you. You resist.
The blast of lightning engulfs the meliai!
You kill the meliai!
Yermacdaddy avoids your attack.
You hear a bellow!
You hear a horrible gurgling sound!
You hear a shout! x3
You hear a horrible gurgling sound!
You hear a shout! x2; You hear a roar!
You hear a bark!
You hear a shout!
You take 10 damage, and have 82/92 hp.
Casting: Conjure Ball Lightning (dangerous; 2% risk of failure)
Confirm with . or Enter, or press ? or * to list all spells.
You create some ball lightning! 3 ball lightnings come into view.
Your ball lightning explodes!
The blast of lightning engulfs your ball lightning.
Your ball lightning completely resists.
Yermacdaddy avoids your attack. The blast of lightning engulfs you. You resist.
The blast of lightning engulfs the meliai!
The meliai is heavily wounded.
The blast of lightning engulfs the meliai!
The meliai is almost dead.
The blast of lightning engulfs your ball lightning.
Your ball lightning completely resists.
The meliai hits your ball lightning with a +0 hand axe!
Your ball lightning explodes!
The blast of lightning engulfs the meliai!!
You kill the meliai!
Yermacdaddy avoids your attack.
The blast of lightning engulfs the meliai!!
You kill the meliai!
The blast of lightning engulfs you! You resist.
You hear a shout!
You hear a horrible gurgling sound!
You take 12 damage, and have 70/92 hp.
You now have 14/30 mp.
Your ball lightning explodes!
Yermacdaddy avoids your attack.
You hear a bellow!
You hear a shout!
You start resting.
A manticore comes into view.
You regained 2 mp, and now have 19/30 mp.
A manticore is nearby!
You swap places.
The manticore flicks its tail.
The volley of spikes hits you!
The barbed spikes become lodged in your body.
You take 7 damage, and have 66/92 hp.
Casting: Conjure Ball Lightning (dangerous; 2% risk of failure)
Confirm with . or Enter, or press ? or * to list all spells.
You can't see any susceptible monsters within range! (Use Z to cast anyway.) Unknown command.
The barbs in your skin will harm you if you move.
Continue?
Okay, then.
Casting: Conjure Ball Lightning (dangerous; 2% risk of failure)
Confirm with . or Enter, or press ? or * to list all spells.
Aiming: Airstrike (safe; 1% risk of failure)
Press: ? - help, Dir - move target, f - manticore
Aim: a manticore The air twists around and strikes the manticore!
The manticore is lightly wounded.
The manticore flicks its tail.
You block the volley of spikes.
You now have 16/30 mp.
Casting: Airstrike (safe; 1% risk of failure)
Confirm with . or Enter, or press ? or * to list all spells.
Aiming: Airstrike (safe; 1% risk of failure)
Press: ? - help, Dir - move target, f/p - manticore
Aim: a manticore (lightly wounded, ally target)
The air twists around and strikes the manticore!
The manticore is heavily wounded.
A deep elf pyromancer comes into view. It is wielding a +0 long sword.
You now have 12/30 mp.
Casting: Airstrike (safe; 1% risk of failure)
Confirm with . or Enter, or press ? or * to list all spells.
Aiming: Iron Shot (dangerous; 6% risk of failure)
Press: ? - help, Shift-Dir - straight line, f/p - manticore
Aim: a manticore (heavily wounded, ally target, 83% to hit)
Okay, then.
Unknown command.
Casting: Iron Shot (dangerous; 6% risk of failure)
Confirm with . or Enter, or press ? or * to list all spells.
You create some ball lightning! 3 ball lightnings come into view.
The deep elf pyromancer points at you and mumbles some strange words.
The bolt of fire hits Yermacdaddy!
Yermacdaddy resists.
The bolt of fire misses you.
The manticore flicks its tail.
The volley of spikes hits Yermacdaddy.
You now have 7/30 mp.
Your ball lightning explodes!
The blast of lightning engulfs your ball lightning.
Your ball lightning completely resists.
Yermacdaddy avoids your attack. The blast of lightning engulfs you. You resist.
The blast of lightning engulfs the manticore.
The manticore is heavily wounded.
The blast of lightning engulfs the deep elf pyromancer!
The deep elf pyromancer is moderately wounded.
The blast of lightning engulfs your ball lightning.
Your ball lightning completely resists.
The deep elf pyromancer points at you and mumbles some strange words.
The bolt of fire hits Yermacdaddy!
Yermacdaddy resists.
The bolt of fire hits you!!
The cyclops throws a large rock.
The large rock barely misses your ball lightning.
The large rock hits you!!
* * * LOW HITPOINT WARNING * * *
The manticore flicks its tail.
The volley of spikes misses Yermacdaddy.
The volley of spikes hits you!
The barbed spikes become lodged in your body.
You die...

...#.............# #
#.............#.#
#................
#...#....†.>..##.
#...#........##
C.#....###..##.####
..#.##.##.<^...# #..#
.....###.......# #..#
#....##....!.*@# #..#
#.......C#..*..# +..+
J........#.....# +..+
.........#....R#######..######
...#.#.......He..).(.........
.. ###.#.#...................
. #.#####..#######..######
#.###....# +..+ ..#.....)#
+..+


You could see the friendly Yermacdaddy the knight, a manticore (ally target), a
cyclops, a deep elf pyromancer (ally target) and 2 friendly ball lightnings.

Vanquished Creatures
  Rupert (Lair:4)
  Nessos (D:12)
  A dire elephant (Lair:6)
  Harold (Lair:1)
  A rakshasa (D:13)
  Fannar (D:12)
  Erolcha (Orc:2)
  5 boulder beetles
  3 hydras
  3 two-headed ogres
  2 orc high priests (Orc:2)
  Nergalle (D:10)
  3 skeletal warriors
  4 orc knights
  A wolf spider (Lair:1)
  7 oklob plants
  3 orc sorcerers
  3 manticores
  An ugly thing (D:12)
  2 elephants (Lair:2)
  2 black mambas (Lair:1)
  The ghost of hilljack the Digger, a novice GrEE (D:6)
  3 cane toads
  2 gargoyles
  A rime drake (shapeshifter) (D:14)
  9 komodo dragons
  Psyche (D:9)
  An efreet (D:13)
  5 yaktaurs (D:12)
  6 rime drakes
  A tengu conjurer (D:14)
  3 meliai (D:14)
  3 polar bears
  5 trolls
  A wind drake (Lair:6)
  A hornet (shapeshifter) (D:10)
  4 hornets
  12 slime creatures
  23 blink frogs
  A shadow (D:10)
  Sigmund (D:2)
  3 wyverns
  2 basilisks
  19 yaks
  A wraith (D:10)
  8 vampire mosquitoes
  7 wargs
  9 water moccasins
  An acid dragon (D:13)
  A floating eye (Lair:4)
  2 ice beasts
  4 sky beasts
  31 orc warriors
  8 black bears
  14 wolves
  10 ogres
  A necrophage (D:6)
  A phantom (D:7)
  2 centaurs
  9 kobold brigands (D:6)
  2 gnoll sergeants (D:11)
  7 bullfrogs
  A wyvern zombie (D:6)
  A water moccasin zombie (D:5)
  A wyvern skeleton (D:7)
  2 scorpions
  A water moccasin skeleton (D:4)
  An oklob sapling (D:12)
  10 wights
  3 electric eels (Lair:2)
  2 howler monkeys
  4 centaur zombies
  5 hounds
  A centaur skeleton (D:6)
  Crazy Yiuf (D:2)
  19 orc priests
  A bullfrog skeleton (D:5)
  A gnoll shaman (D:4)
  4 iguanas
  24 orc wizards
  A killer bee zombie (D:9)
  14 adders
  17 gnolls
  A shadow imp (D:7)
  2 white imps
  An ufetubus (D:5)
  A worm (D:3)
  4 dart slugs
  96 orcs
  9 ball pythons
  2 endoplasms (D:1)
  3 giant cockroaches
  7 goblins
  3 hobgoblins
  6 jackals
  10 kobolds
  6 quokkas
  7 bats
  8 frilled lizards
  6 rats
559 creatures vanquished.

Vanquished Creatures (collateral kills)
  An orc warlord (Orc:2)
  The ghost of finalsalamander the Cleaver, a journeyman NaWn of Gozag (Lair:3)
  2 hydras
  A merfolk avatar (Lair:6)
  A two-headed ogre (D:11)
  An orc high priest (Orc:2)
  Urug (D:13)
  A skeletal warrior (D:12)
  4 orc knights
  An oklob plant (Lair:5)
  3 orc sorcerers
  A manticore (D:12)
  5 elephants
  An ice statue (D:9)
  2 black mambas
  A guardian serpent (Lair:3)
  6 cane toads
  Maggie (D:10)
  An unseen horror (D:11)
  A rime drake (Lair:6)
  6 komodo dragons
  A troll (Orc:2)
  4 slime creatures
  5 blink frogs
  14 yaks
  2 wyverns (Lair:6)
  3 vampire mosquitoes
  An acid dragon (D:13)
  3 water moccasins (Lair:6)
  11 orc warriors
  7 wolves
  2 bullfrogs
  3 wights (D:10)
  2 centaur zombies
  5 orc priests
  9 orc wizards
  2 adders
  14 orcs
  A ball python (D:12)
131 creatures vanquished.

Vanquished Creatures (others)
  A kobold brigand (D:6)
  5 knights
  7 ball lightnings
  78 fungi
  194 plants
285 creatures vanquished.

Grand Total: 975 creatures vanquished

Notes
Turn   | Place    | Note
-------+----------+-------------------------------------------
     0 | D:1      | mdonais the Octopode Air Elementalist began the quest for
                  | the Orb.
     0 | D:1      | Reached XP level 1. HP: 11/11 MP: 3/3
   304 | D:1      | Reached XP level 2. HP: 18/18 MP: 5/5
   359 | D:1      | Learned a level 2 spell: Static Discharge
   950 | D:1      | Reached skill level 1 in Fighting
  1294 | D:2      | Found a runed translucent door.
  1295 | D:2      | Noticed Crazy Yiuf
  1346 | D:2      | Reached XP level 3. HP: 23/23 MP: 6/6
  1598 | D:2      | Noticed Sigmund
  1723 | D:2      | Reached XP level 4. HP: 28/28 MP: 1/7
  1785 | D:2      | Learned a level 3 spell: Swiftness
  2537 | D:3      | Noticed an ogre
  3006 | D:3      | Found a faded altar of an unknown god.
  3117 | D:3      | Reached XP level 5. HP: 34/34 MP: 0/9
  4094 | D:4      | Reached skill level 4 in Air Magic
  4509 | D:4      | Noticed an ogre
  4749 | D:4      | Reached XP level 6. HP: 30/39 MP: 1/10
  4955 | D:4      | Noticed a black bear
  4968 | D:4      | Killed a black bear
  5023 | D:4      | Reached XP level 7. HP: 41/46 MP: 4/11
  5359 | D:4      | Reached skill level 5 in Air Magic
  5909 | D:5      | Entered Level 5 of the Dungeon
  6231 | D:5      | Reached XP level 8. HP: 47/53 MP: 6/13
  6528 | D:5      | Found a hazy altar of Hepliaklqana.
  6529 | D:5      | Found a staircase to the Ecumenical Temple.
  6538 | D:5      | Became a worshipper of Hepliaklqana the Forgotten
  6589 | Temple   | Entered the Ecumenical Temple
  6655 | D:5      | Found Piosuu Jiac's Magic Scroll Emporium.
  7402 | D:5      | Reached skill level 5 in Conjurations
  7590 | D:5      | Bought a scroll of identify for 20 gold pieces
  7751 | D:5      | Reached skill level 6 in Air Magic
  7929 | D:5      | Found a staircase to the Ecumenical Temple.
  7945 | D:5      | Found Piosuu Jiac's Magic Scroll Emporium.
  8109 | D:5      | Reached skill level 5 in Stealth
  8123 | D:5      | Found a hazy altar of Hepliaklqana.
  8887 | D:6      | Learned a level 4 spell: Airstrike
  9066 | D:6      | Reached * piety under Hepliaklqana
  9202 | D:6      | Reached XP level 9. HP: 49/52 MP: 5/16
  9351 | D:6      | Reached skill level 5 in Spellcasting
  9628 | D:6      | Reached skill level 7 in Air Magic
 10051 | D:6      | Reached skill level 5 in Fighting
 10469 | D:6      | Found a runed translucent gate.
 10470 | D:6      | Found a runed translucent gate.
 10470 | D:6      | Noticed hilljack's ghost (novice GrEE)
 10471 | D:6      | Found a runed translucent gate.
 10689 | D:2      | Killed Crazy Yiuf
 10831 | D:7      | Reached skill level 8 in Air Magic
 11765 | D:7      | Reached XP level 10. HP: 61/61 MP: 1/18
 13053 | D:8      | Reached ** piety under Hepliaklqana
 13054 | D:8      | Remembered your ancestor Yermacdaddy as a knight
 13094 | D:8      | Found a blossoming altar of Fedhas.
 13096 | D:8      | Found a white marble altar of Elyvilon.
 13097 | D:8      | Found a hide-covered altar of Uskayaw.
 13098 | D:8      | Found a glowing silver altar of Zin.
 13099 | D:8      | Found an ornate altar of the Wu Jian Council.
 13142 | D:8      | Found a staircase to the Lair.
 13146 | D:8      | Identified the +1 leather armour of Fedhas's Approval
                  | {Rampage +Inv rC- Will+++}
 13182 | D:8      | Found Maklufry's General Store.
 13733 | D:5      | Bought a scroll of teleportation for 30 gold pieces
 13971 | D:9      | Reached skill level 9 in Air Magic
 14099 | D:9      | Identified a scroll of acquirement
 14100 | D:9      | Acquired a +0 buckler of protection
 14125 | D:9      | Noticed an ice statue
 14135 | D:9      | Killed an ice statue
 14136 | D:9      | Reached skill level 1 in Shields
 14292 | D:9      | Reached skill level 5 in Dodging
 14523 | D:9      | Noticed Psyche
 14526 | D:9      | Killed Psyche
 14838 | D:10     | Entered Level 10 of the Dungeon
 14991 | D:10     | Reached *** piety under Hepliaklqana
 15038 | D:10     | Noticed Maggie
 15050 | D:10     | Killed Maggie
 15400 | D:10     | Reached XP level 11. HP: 64/64 MP: 4/21
 15595 | D:10     | Reached skill level 10 in Air Magic
 15909 | D:10     | Noticed Nergalle
 15919 | D:10     | Killed Nergalle
 15920 | D:10     | Reached skill level 1 in Evocations
 15932 | D:10     | Noticed Josephine
 16585 | D:10     | Found Gemotz's Weapon Emporium.
 16609 | D:10     | Found a staircase to the Orcish Mines.
 16737 | D:10     | Found Jid Suf's Armour Emporium.
 17019 | D:10     | Upgraded the game from 0.27-a0-1442-g87b6fcb595 to
                  | 0.27-a0-1456-gf5a116941d
 17207 | D:2      | Killed Sigmund
 17739 | D:2      | Learned a level 2 spell: Corpse Rot
 17745 | D:2      | Learned a level 5 spell: Iskenderun's Battlesphere
 18224 | D:6      | Killed hilljack's ghost
 19045 | Lair:1   | Entered Level 1 of the Lair of Beasts
 20248 | Lair:1   | Noticed a wolf spider
 20268 | Lair:1   | Killed a wolf spider
 20541 | Lair:1   | Noticed Harold
 20550 | Lair:1   | Killed Harold
 20551 | Lair:1   | Reached XP level 12. HP: 72/72 MP: 1/23
 20755 | Lair:1   | Reached **** piety under Hepliaklqana
 21584 | Lair:2   | Reached skill level 1 in Throwing
 21584 | Lair:2   | Reached skill level 1 in Invocations
 21967 | Lair:2   | Noticed a boulder beetle
 21987 | Lair:2   | Killed a boulder beetle
 22400 | Lair:2   | Noticed a four-headed hydra
 22404 | Lair:2   | Killed a four-headed hydra
 22753 | Lair:2   | Noticed an eight-headed hydra
 22767 | Lair:2   | Killed an eight-headed hydra
 22915 | Lair:2   | Reached skill level 11 in Air Magic
 23360 | Lair:3   | Noticed a five-headed hydra
 23367 | Lair:3   | Killed a five-headed hydra
 23628 | Lair:3   | Reached ***** piety under Hepliaklqana
 23816 | Lair:3   | Found a staircase to the Shoals.
 23823 | Lair:3   | Found a runed translucent door.
 23823 | Lair:3   | Noticed finalsalamander's ghost (journeyman NaWn)
 23824 | Lair:3   | Found the +8 glaive of the Guard {elec, spectral, AC+5}
 23839 | Lair:3   | Killed finalsalamander's ghost
 23840 | Lair:3   | Reached XP level 13. HP: 34/79 MP: 6/25
 24059 | Lair:3   | Reached skill level 5 in Invocations
 24202 | Lair:3   | Found a staircase to the Snake Pit.
 24454 | Lair:3   | You are sucked into a shaft and drop 2 floors!
 24979 | Lair:3   | Reached skill level 12 in Air Magic
 25378 | Lair:3   | Found a broken altar of Ashenzari.
 25793 | Lair:4   | Reached skill level 10 in Spellcasting
 25919 | Lair:4   | Noticed Rupert
 25933 | Lair:4   | Killed Rupert
 26921 | Lair:4   | Got Ywnat's Reference Book on the Voyage and Poison
 26925 | Lair:4   | Learned a level 2 spell: Blink
 26929 | Lair:4   | Learned a level 3 spell: Mephitic Cloud
 27790 | Lair:5   | Identified the +2 robe of Agoraphobia {rPois rC- Will+++
                  | SInv}
 28856 | Lair:6   | Entered Level 6 of the Lair of Beasts
 29322 | Lair:6   | Reached XP level 14. HP: 85/85 MP: 4/28
 29858 | Lair:6   | Found a staircase to the Slime Pits.
 32023 | Lair:6   | Identified the ring "Kaiqacso" {rCorr Dex+5}
 32097 | Lair:6   | Reached ****** piety under Hepliaklqana
 32161 | Lair:6   | Learned a level 6 spell: Iron Shot
 32226 | Lair:6   | Reached skill level 13 in Air Magic
 32349 | Lair:6   | Noticed a dire elephant
 32361 | Lair:6   | Killed a dire elephant
 32362 | Lair:6   | Reached skill level 1 in Earth Magic
 33588 | D:11     | Reached skill level 10 in Fighting
 34024 | Orc:1    | Entered Level 1 of the Orcish Mines
 35057 | Orc:1    | Reached skill level 10 in Dodging
 35182 | Orc:1    | Reached skill level 5 in Earth Magic
 35298 | Orc:1    | Found Begryed's CLEARANCE SALE! EVERYTHING MUST GO!.
 35415 | Orc:2    | Entered Level 2 of the Orcish Mines
 35813 | Orc:2    | Found a staircase to the Elven Halls.
 36168 | Orc:2    | Noticed an orc warlord
 36367 | Orc:2    | Killed an orc warlord
 36368 | Orc:2    | Reached XP level 15. HP: 89/92 MP: 2/29
 36509 | Orc:2    | Noticed Erolcha
 36514 | Orc:2    | Killed Erolcha
 37535 | Orc:2    | Found Tenku's Antique Armour Boutique.
 37540 | Orc:2    | Found Sokaax's Weapon Shoppe.
 37547 | Orc:2    | Found Poiry's Magic Scroll Shoppe.
 37549 | Orc:2    | Found Jan Exto's Armour Boutique.
 37564 | Orc:2    | Bought a scroll of acquirement for 884 gold pieces
 37566 | Orc:2    | Acquired the -1 hat of Leapfrog {rElec Int+2}
 38022 | D:12     | Noticed Fannar
 38034 | D:12     | Killed Fannar
 38872 | D:12     | Got the Incunabulum of Nature
 39547 | D:12     | Noticed Nessos
 39553 | D:12     | Killed Nessos
 40591 | D:13     | Learned a level 6 spell: Conjure Ball Lightning
 40892 | D:13     | Noticed Urug
 40899 | D:13     | Killed Urug
 41431 | D:14     | Killed from afar by a manticore

Illustrated notes

Levels and vault maps discovered:
D:1:      heliophobic_arrival_ceremonial_halls, layout_basic
D:2:      layout_basic, dk_noncrumbling_4, uniq_crazy_yiuf_cottage, uniq_sigmund
D:3:      layout_basic, hellmonk_ecumenical_altar_lost_god, minmay_lizard_king
D:4:      layout_rooms, serial_park_tiny_1
D:5:      layout_basic, lemuel_crystal_altar, minmay_temple_entry_large_hall,
          kennysheep_windowed_goal
D:6:      layout_gridville, gammafunk_ghost_nasty_kobolds
D:7:      layout_layer_cave
D:8:      layout_loops_ring, grunt_temple_overflow_open,
          grunt_lair_entry_orc_guard_hut, serial_shops, nicolae_diamond_shop
D:9:      layout_basic, minivault_16, uniq_psyche
D:10:     layout_cave_pods, orc_david_3, uniq_josephine, uniq_nergalle,
          uniq_maggie
D:11:     layout_irregular_city, kennysheep_generic_room_7
D:12:     layout_big_octagon, introduction_to_nature_2, uniq_fannar, uniq_nessos
D:13:     layout_roguey, uniq_urug
D:14:     cheibrodos_wizards_tower, layout_cave_pools,
          skrybe_vaults_entry_preservation
Temple:   nicolae_temple_x_marks_the_god
Lair:1:   minmay_lair_venomous_thicket, layout_cellular_growth, uniq_harold
Lair:2:   layout_cave_pods, beast_lair_carwin_10, infiniplex_staircase_pool,
          serial_bayou_shore_a
Lair:3:   layout_gridlike, elwin_shoals_entry_rocks,
          minmay_snake_entry_spellcaster, basic_altar, gammafunk_ghost_grave,
          st_stairs_13
Lair:4:   layout_gridlike, serial_forest, infiniplex_forest_straight_2,
          infiniplex_forest_straight_2, infiniplex_forest_straight_2,
          infiniplex_forest_side_room, infiniplex_forest_clump_tiny,
          infiniplex_forest_end_2, infiniplex_forest_clump_small,
          disabler_island, lemuel_fruit_tree, uniq_rupert
Lair:5:   layout_gridlike, minmay_lair_oklob_chamber
Lair:6:   gammafunk_lair_ancient_temple, layout_layer_cave,
          minmay_slime_entry_oklob_enclosed
Orc:1:    layout_caves, basic_altar, nicolae_shop_clearance
Orc:2:    st_orc_elflike, layout_diamond_mine, lightli_orcish_oven, uniq_erolcha

Skill      XL: |  1  2  3  4  5  6  7  8  9 10 11 12 13 14 15 |
---------------+----------------------------------------------+-----
Stealth        | 3 4 5 7 8 |  8.7
Fighting       | 1 2 3 4 5 6 7 8 10 | 10.2
Conjurations   | 2 3 4 5 6 7 8 9 |  9.6
Spellcasting   | 3 4 5 7 8 10 11 | 11.0
Air Magic      | 4 5 6 8 9 10 11 12 13 | 13.0
Dodging        | 3 4 6 7 10 | 10.2
Shields        | 4 |  4.0
Evocations     | 3 4 |  4.0
Throwing       | 3 |  3.0
Invocations    | 4 7 8 |  8.0
Earth Magic    | 6 9 |  9.0

Action                   |  1- 3 |  4- 6 |  7- 9 | 10-12 | 13-15 || total
-------------------------+-------+-------+-------+-------+-------++-------
Melee: Constrict         |     8 |     7 |     2 |     5 |    52 ||    74
       Short sword       |     4 |       |       |       |       ||     4
       Unarmed           |     3 |       |       |       |       ||     3
       Tentacles         |     4 |     6 |     4 |     7 |    34 ||    55
       Dagger            |    15 |    44 |     1 |       |       ||    60
       Long sword        |       |       |     6 |     6 |       ||    12
       Spear             |       |       |     2 |     7 |   128 ||   137
       Falchion          |       |       |       |    11 |       ||    11
Throw: Dart              |     1 |    12 |    32 |    44 |    16 ||   105
       Boomerang         |       |       |       |     2 |       ||     2
 Cast: Shock             |    44 |    85 |   126 |   103 |   383 ||   741
       Static Discharge  |     3 |    24 |    40 |    20 |    45 ||   132
       Airstrike         |       |       |    51 |   203 |   453 ||   707
       Iskenderun's Batt |       |       |       |    10 |    59 ||    69
       Mephitic Cloud    |       |       |       |       |    15 ||    15
       Iron Shot         |       |       |       |       |    33 ||    33
       Conjure Ball Ligh |       |       |       |       |     4 ||     4
       Blink             |       |       |       |       |     2 ||     2
Invok: Ancestor Identity |       |       |     1 |     1 |       ||     2
       Ancestor Life: Kn |       |       |       |     1 |       ||     1
       Recall Ancestor   |       |       |       |     6 |     6 ||    12
       Idealise          |       |       |       |     1 |     2 ||     3
Evoke: Wand              |       |       |       |     1 |     2 ||     3
  Use: Scroll            |       |     1 |     7 |     8 |    15 ||    31
       Potion            |       |     1 |     1 |       |       ||     2
 Stab: Sleeping          |     3 |     3 |       |     1 |       ||     7
       Distracted        |       |       |     1 |       |     2 ||     3
       Paralysed         |       |       |       |       |     9 ||     9
Armor: Skin              |     2 |    25 |     2 |     4 |     4 ||    37
Dodge: Dodged            |    16 |    39 |    19 |    33 |    99 ||   206
Block: Buckler           |       |       |       |    30 |    86 ||   116
       Reflection        |       |       |       |     6 |     4 ||    10
       Rpst.: Long sword |       |       |       |     1 |       ||     1
       Falchion          |       |       |       |     4 |       ||     4

Table legend: (Time is in decaauts)
 A = Elapsed time spent in this place.
 B = Non-inter-level travel time spent in this place.
 C = Inter-level travel time spent in this place.
 D = Time resting spent in this place.
 E = Time spent auto-exploring this place.
 F = Levels seen in this place.
 G = Mean time per level.
                   A        B        C        D        E       F      G
               +--------+--------+--------+--------+--------+-----+--------+
         Total |  41492 |  39172 |   2320 |  17983 |  14697 |  23 | 1804.0 |
       Dungeon |  23903 |  22186 |   1717 |   9732 |   9091 |  14 | 1707.4 |
        Temple |    264 |    256 |      8 |    203 |     50 |   1 |  264.0 |
          Lair |  13582 |  13206 |    376 |   6833 |   4470 |   6 | 2263.7 |
  Orcish Mines |   3742 |   3524 |    218 |   1215 |   1086 |   2 | 1871.0 |
               +--------+--------+--------+--------+--------+-----+--------+

Top non-repeatable levels by time:
  Lair:6: 3422 daAuts
     D:5: 2837 daAuts
     D:6: 2653 daAuts
  Lair:4: 2543 daAuts
  Lair:1: 2227 daAuts
   Orc:2: 2212 daAuts
     D:3: 2198 daAuts
     D:2: 2140 daAuts
  Lair:2: 2126 daAuts
    D:11: 1825 daAuts
     D:7: 1804 daAuts
    D:10: 1775 daAuts
    D:12: 1752 daAuts
  Lair:3: 1734 daAuts
   Orc:1: 1530 daAuts
